AA SOUTH
PENSACOLA BLUE WAHOOS @ MISSISSIPPI BRAVES
05/15/2042
 
TOP OF THE 1ST
Pensacola Blue Wahoos batting - Pitching for Mississippi Braves : RHP Mike Chapman
Pitching: RHP Mike Chapman
Batting: LHB José Guedán 0-0: Foul Ball, location: 3FF
0-1: Ball
1-1: Foul Ball, location: 5F
1-2: Ball
2-2: Strikes out swinging
Batting: LHB Juan Lazu 0-0: Ball
1-0: Ball
2-0: Swinging Strike
2-1: Foul Ball, location: 2F
2-2: Strikes out swinging
Batting: RHB Sang-keun Park 0-0: Ball
1-0: Ball
2-0: Swinging Strike
2-1: Ground out 5-3 (Groundball, 15, EV 85.6 MPH)
Top of the 1st over - 0 runs, 0 hits, 0 errors, 0 left on base; Pensacola 0 - Mississippi 0
BOTTOM OF THE 1ST
Mississippi Braves batting - Pitching for Pensacola Blue Wahoos : RHP Leon D'Abrichecourt
Pitching: RHP Leon D'Abrichecourt
Batting: RHB José Vargas 0-0: Called Strike
0-1: Ball
1-1: Fly out, F9 (Flyball, 9D, EV 88.8 MPH)
Batting: RHB Gene McDonald 0-0: Ball
1-0: Foul Ball, location: 3DF
1-1: Ground out U3 (Groundball, 3L, EV 105.0 MPH)
Batting: RHB Manny Arreola 0-0: Called Strike
0-1: Ball
1-1: Ball
2-1: Ball
3-1: Foul Ball, location: 9LMF
3-2: DOUBLE (Flyball, 9LD, EV 105.0 MPH)
Batting: RHB Dane St. Ives 0-0: Called Strike
0-1: Foul Ball, location: 3F
0-2: Ball
1-2: Ball
2-2: Foul Ball, location: 9LDF
2-2: Ball
3-2: Strikes out swinging
Bottom of the 1st over - 0 runs, 1 hit, 0 errors, 1 left on base; Pensacola 0 - Mississippi 0
TOP OF THE 2ND
Pensacola Blue Wahoos batting - Pitching for Mississippi Braves : RHP Mike Chapman
Batting: RHB António Sandoval 0-0: Fly out, F6 (Line Drive, 6M, EV 61.9 MPH)
Batting: LHB Jon Bullock 0-0: Swinging Strike
0-1: SOLO HOME RUN (Flyball, 78XD, EV 104.4 MPH), Distance : 411 ft
Batting: RHB Edgar López 0-0: Swinging Strike
0-1: Foul Ball, location: 2F
0-2: Foul Ball, location: 2F
0-2: Ball
1-2: Ball
2-2: Strikes out looking
Batting: LHB Jim Bailey 0-0: Ball
1-0: Ground out 4-3 (Groundball, 4M, EV 88.1 MPH)
Top of the 2nd over - 1 run, 1 hit, 0 errors, 0 left on base; Pensacola 1 - Mississippi 0
BOTTOM OF THE 2ND
Mississippi Braves batting - Pitching for Pensacola Blue Wahoos : RHP Leon D'Abrichecourt
Batting: RHB Bert Robinson 0-0: Foul Ball, location: 7LMF
0-1: Ball
1-1: Ball
2-1: Called Strike
2-2: Strikes out looking
Batting: RHB Wilbert McDonald 0-0: Ball
1-0: Swinging Strike
1-1: Called Strike
1-2: Strikes out looking
Batting: LHB Jim Hammer 0-0: Called Strike
0-1: Ground out 3-1 (Groundball, 34, EV 107.5 MPH)
Bottom of the 2nd over - 0 runs, 0 hits, 0 errors, 0 left on base; Pensacola 1 - Mississippi 0
TOP OF THE 3RD
Pensacola Blue Wahoos batting - Pitching for Mississippi Braves : RHP Mike Chapman
Batting: RHB Manny García 0-0: Fly out, F9 (Flyball, 9D, EV 104.4 MPH)
Batting: RHB Chris Green 0-0: Foul Ball, location: 7LDF
0-1: Foul Ball, location: 9LDF
0-2: Ball
1-2: Strikes out swinging
Batting: LHB José Guedán 0-0: Ball
1-0: Ball
2-0: Ball
3-0: Base on Balls
Batting: LHB Juan Lazu 0-0: Ball
1-0: Ball
2-0: Foul Ball, location: 2F
2-1: Called Strike
2-2: Foul Ball, location: 2F
2-2: Foul Ball, location: 5F
2-2: Ball
3-2: Base on Balls
José Guedán to second
Batting: RHB Sang-keun Park 0-0: Ball
Juan Lazu steals 2nd base
José Guedán steals 3rd base
1-0: Ground out 6-3 (Groundball, 6, EV 109.4 MPH)
Top of the 3rd over - 0 runs, 0 hits, 0 errors, 2 left on base; Pensacola 1 - Mississippi 0
BOTTOM OF THE 3RD
Mississippi Braves batting - Pitching for Pensacola Blue Wahoos : RHP Leon D'Abrichecourt
Batting: RHB Juan Magana 0-0: Ball
1-0: Ball
2-0: Called Strike
2-1: Foul Ball, location: 2F
2-2: Ball
3-2: Base on Balls
Batting: RHB Juan Martínez 0-0: Called Strike
0-1: Ball
1-1: Bunt missed!
1-2: Grounds into double play, 6-4-3 (Groundball, 6, EV 106.9 MPH)
Batting: RHB José Vargas 0-0: Ball
1-0: Fly out, F6 (Popup, P, EV 76.3 MPH)
Bottom of the 3rd over - 0 runs, 0 hits, 0 errors, 0 left on base; Pensacola 1 - Mississippi 0
TOP OF THE 4TH
Pensacola Blue Wahoos batting - Pitching for Mississippi Braves : RHP Mike Chapman
Batting: RHB António Sandoval 0-0: Ball
1-0: Ground out 5-3 (Groundball, 5, EV 87.5 MPH)
Batting: LHB Jon Bullock 0-0: Foul Ball, location: 5FF
0-1: Ball
1-1: Ball
2-1: Ball
3-1: Foul Ball, location: 25F
3-2: Base on Balls
Batting: RHB Edgar López 0-0: Ball
1-0: Foul Ball, location: 9LDF
1-1: Ball
Jon Bullock is caught stealing 2nd base 2-4
2-1: Ground out 5-3 (Groundball, 5, EV 110.6 MPH)
Top of the 4th over - 0 runs, 0 hits, 0 errors, 0 left on base; Pensacola 1 - Mississippi 0
BOTTOM OF THE 4TH
Mississippi Braves batting - Pitching for Pensacola Blue Wahoos : RHP Leon D'Abrichecourt
Batting: RHB Gene McDonald 0-0: Ball
1-0: Ball
2-0: Swinging Strike
2-1: Foul Ball, location: 2F
2-2: Ground out 4-3 (Groundball, 34, EV 103.1 MPH)
Batting: RHB Manny Arreola 0-0: Swinging Strike
0-1: Swinging Strike
0-2: Ball
1-2: Ball
2-2: Ball
3-2: Foul Ball, location: 3DF
3-2: Foul Ball, location: 5F
3-2: Base on Balls
Batting: RHB Dane St. Ives 0-0: Ball
1-0: Ball
2-0: Ball
3-0: Called Strike
3-1: Base on Balls
Manny Arreola to second
Batting: RHB Bert Robinson 0-0: Called Strike
0-1: Fly out, F4 (Popup, 4, EV 74.4 MPH)
Batting: RHB Wilbert McDonald 0-0: Ball
1-0: Ball
2-0: Called Strike
2-1: Foul Ball, location: 2F
2-2: Strikes out swinging
Bottom of the 4th over - 0 runs, 0 hits, 0 errors, 2 left on base; Pensacola 1 - Mississippi 0
TOP OF THE 5TH
Pensacola Blue Wahoos batting - Pitching for Mississippi Braves : RHP Mike Chapman
Batting: LHB Jim Bailey 0-0: Ball
1-0: Foul Ball, location: 2F
1-1: Ball
2-1: Ball
3-1: Swinging Strike
3-2: Ground out 4-3 (Groundball, 34D, EV 111.3 MPH)
Batting: RHB Manny García 0-0: Ball
1-0: Ball
2-0: Ground out 6-3 (Groundball, 6, EV 88.1 MPH)
Batting: RHB Chris Green 0-0: Called Strike
0-1: Ball
1-1: Swinging Strike
1-2: Strikes out swinging
Top of the 5th over - 0 runs, 0 hits, 0 errors, 0 left on base; Pensacola 1 - Mississippi 0
BOTTOM OF THE 5TH
Mississippi Braves batting - Pitching for Pensacola Blue Wahoos : RHP Leon D'Abrichecourt
Batting: LHB Jim Hammer 0-0: Ground out 4-3 (Groundball, 4, EV 100.6 MPH)
Batting: RHB Juan Magana 0-0: Called Strike
0-1: Called Strike
0-2: Foul Ball, location: 2F
0-2: Foul Ball, location: 5F
0-2: Ground out 6-3 (Groundball, 6, EV 87.5 MPH)
Batting: RHB Juan Martínez 0-0: SINGLE (Line Drive, 4MD, EV 97.5 MPH)
Batting: RHB José Vargas 0-0: Ball
1-0: Ball
2-0: SINGLE (Line Drive, 8RS, EV 103.8 MPH)
Juan Martínez to second
Batting: RHB Gene McDonald 0-0: Called Strike
0-1: Ball
1-1: Ball
2-1: Foul Ball, location: 2F
2-2: Ground out 5-3 (Groundball, 5S, EV 80.6 MPH)
Bottom of the 5th over - 0 runs, 2 hits, 0 errors, 2 left on base; Pensacola 1 - Mississippi 0
TOP OF THE 6TH
Pensacola Blue Wahoos batting - Pitching for Mississippi Braves : RHP Mike Chapman
Batting: LHB José Guedán 0-0: Ball
1-0: Ball
2-0: Ball
3-0: Base on Balls
Batting: LHB Juan Lazu 0-0: Bunted foul
0-1: Called Strike
José Guedán steals 2nd base (no throw)
0-2: Ball
1-2: Ball
2-2: Foul Ball, location: 3DF
2-2: Ball
3-2: Base on Balls
Batting: RHB Sang-keun Park 0-0: Called Strike
0-1: Swinging Strike
0-2: SINGLE (Flyball, 56D, EV 96.9 MPH)
José Guedán to third
Juan Lazu to second
Pitching: RHP Joe Wellesley
Batting: RHB António Sandoval 0-0: Called Strike
0-1: Foul Ball, location: 2LF
0-2: Ball
1-2: Grounds into double play, 4-2-3 (Groundball, 4, EV 86.9 MPH)
Juan Lazu to third
Sang-keun Park to second
Batting: LHB Jon Bullock 0-0: Ball
1-0: Ground out 4-3 (Groundball, 4MD, EV 101.9 MPH)
Top of the 6th over - 0 runs, 1 hit, 0 errors, 2 left on base; Pensacola 1 - Mississippi 0
BOTTOM OF THE 6TH
Mississippi Braves batting - Pitching for Pensacola Blue Wahoos : RHP Leon D'Abrichecourt
Batting: RHB Manny Arreola 0-0: Swinging Strike
0-1: Called Strike
0-2: Foul Ball, location: 5DF
0-2: Foul Ball, location: 5DF
0-2: Strikes out looking
Batting: RHB Dane St. Ives 0-0: Ball
1-0: Ball
2-0: Ball
3-0: Base on Balls
Batting: RHB Bert Robinson 0-0: Ball
1-0: Foul Ball, location: 3DF
1-1: Ball
2-1: Swinging Strike
2-2: Foul Ball, location: 9LMF
2-2: Strikes out looking
Batting: RHB Wilbert McDonald 0-0: Ball
1-0: Ball
2-0: Fielders Choice at 2nd, 5-4 (Groundball, 56, EV 78.8 MPH)
Bottom of the 6th over - 0 runs, 0 hits, 0 errors, 1 left on base; Pensacola 1 - Mississippi 0
TOP OF THE 7TH
Pensacola Blue Wahoos batting - Pitching for Mississippi Braves : RHP Joe Wellesley
Batting: RHB Edgar López 0-0: Called Strike
0-1: Swinging Strike
0-2: Strikes out swinging
Batting: LHB Jim Bailey 0-0: Swinging Strike
0-1: Ball
1-1: Fly out, F8 (Line Drive, 8LD, EV 89.4 MPH)
Batting: RHB Manny García 0-0: Foul Ball, location: 3FF
0-1: Foul Ball, location: 2F
0-2: Fly out, F9 (Flyball, 9, EV 95.6 MPH)
Top of the 7th over - 0 runs, 0 hits, 0 errors, 0 left on base; Pensacola 1 - Mississippi 0
BOTTOM OF THE 7TH
Mississippi Braves batting - Pitching for Pensacola Blue Wahoos : RHP Leon D'Abrichecourt
Batting: LHB Jim Hammer 0-0: Ball
1-0: SINGLE (Groundball, 34D, EV 95.0 MPH)
Batting: RHB Juan Magana 0-0: Ball
1-0: Called Strike
1-1: DOUBLE (Line Drive, 9LS, EV 100.6 MPH)
Jim Hammer to third
Batting: RHB Juan Martínez 0-0: Called Strike
0-1: Ball
1-1: Ball
2-1: Ball
3-1: Called Strike
3-2: Foul Ball, location: 9LMF
3-2: Strikes out swinging
Pitching: RHP Juan Luis Taváres
Batting: RHB José Vargas 0-0: Foul Ball, location: 2F
0-1: Called Strike
0-2: Ball
1-2: Fly out, F9 (Flyball, 9D, EV 108.8 MPH)
Runner from 3rd tags up, SCORES, no throw by RF
Pinch Hitting: LHB António Martínez 0-0: Foul Ball, location: 5F
0-1: Ball
1-1: Swinging Strike
1-2: Foul Ball, location: 3DF
1-2: Foul Ball, location: 2F
1-2: Strikes out swinging
Bottom of the 7th over - 1 run, 2 hits, 0 errors, 1 left on base; Pensacola 1 - Mississippi 1
TOP OF THE 8TH
Pensacola Blue Wahoos batting - Pitching for Mississippi Braves : RHP Joe Wellesley
Now in CF: Jesús Guevara
Pinch Hitting: SHB Jorge Espinosa 0-0: Called Strike
0-1: Swinging Strike
0-2: Strikes out swinging
Batting: LHB José Guedán 0-0: Ball
1-0: Ball
2-0: Foul Ball, location: 7LSF
2-1: Foul Ball, location: 7LSF
2-2: Fly out, F8 (Flyball, 8RS, EV 90.6 MPH)
Batting: LHB Juan Lazu 0-0: Ground out 5-3 (Groundball, 56, EV 87.5 MPH)
Top of the 8th over - 0 runs, 0 hits, 0 errors, 0 left on base; Pensacola 1 - Mississippi 1
BOTTOM OF THE 8TH
Mississippi Braves batting - Pitching for Pensacola Blue Wahoos : RHP Juan Luis Taváres
Now at C: António Berrios
Batting: RHB Manny Arreola 0-0: Called Strike
0-1: Foul Ball, location: 2F
0-2: Fly out, F9 (Line Drive, 9, EV 93.1 MPH)
Batting: RHB Dane St. Ives 0-0: Ball
1-0: Called Strike
1-1: Called Strike
1-2: Foul Ball, location: 7LSF
1-2: Ball
2-2: Ball
3-2: Foul Ball, location: 3FF
3-2: Fly out, F7 (Flyball, 7, EV 88.1 MPH)
Pinch Hitting: LHB Octávio Méndez 0-0: Called Strike
0-1: Ground out 4-3 (Groundball, 34D, EV 99.4 MPH)
Bottom of the 8th over - 0 runs, 0 hits, 0 errors, 0 left on base; Pensacola 1 - Mississippi 1
TOP OF THE 9TH
Pensacola Blue Wahoos batting - Pitching for Mississippi Braves : RHP Joe Wellesley
Now at 3B: Jose Danieli
Batting: RHB Sang-keun Park 0-0: Foul Ball, location: 5F
0-1: Swinging Strike
0-2: Fly out, F3 (Popup, 3D, EV 76.3 MPH)
Batting: RHB António Sandoval 0-0: Called Strike
0-1: Called Strike
0-2: Ball
1-2: Ball
2-2: Ball
3-2: SINGLE (Groundball, 34, EV 100.6 MPH) (infield hit)
Batting: LHB Jon Bullock 0-0: Called Strike
0-1: Swinging Strike
0-2: Ball
1-2: Foul Ball, location: 7LSF
1-2: Ball
2-2: Strikes out swinging
Pinch Hitting: RHB Barney Price 0-0: Ball
1-0: Ground out 4-3 (Groundball, 34, EV 86.3 MPH)
Top of the 9th over - 0 runs, 1 hit, 0 errors, 1 left on base; Pensacola 1 - Mississippi 1
BOTTOM OF THE 9TH
Mississippi Braves batting - Pitching for Pensacola Blue Wahoos : RHP Juan Luis Taváres
Pitching: RHP Mike Parrish
Now at 2B: Barney Price
Batting: RHB Wilbert McDonald 0-0: Ball
1-0: Ball
2-0: Ball
3-0: Called Strike
3-1: Base on Balls
Batting: LHB Jim Hammer 0-0: Fly out, F8 (Flyball, 8LS, EV 96.3 MPH)
Batting: RHB Juan Magana 0-0: Called Strike
0-1: Ball
1-1: Foul Ball, location: 5FF
1-2: Grounds into double play, 5-4-3 (Groundball, 5S, EV 78.8 MPH)
Bottom of the 9th over - 0 runs, 0 hits, 0 errors, 0 left on base; Pensacola 1 - Mississippi 1
TOP OF THE 10TH
Pensacola Blue Wahoos batting - Pitching for Mississippi Braves : RHP Joe Wellesley
Pitching: RHP Oscar Baumgardener
Batting: LHB Jim Bailey 0-0: Ball
1-0: SINGLE (Groundball, 5D, EV 97.5 MPH)
Batting: RHB Manny García 0-0: Ball
1-0: Bunted foul
1-1: Ball
2-1: Grounds into double play, 4-6-3 (Groundball, 34, EV 83.8 MPH)
Pinch Hitting: RHB Dave Mitchell 0-0: Foul Ball, location: 2F
0-1: Ball
1-1: Ground out U3 (Groundball, 34, EV 105.6 MPH)
Top of the 10th over - 0 runs, 1 hit, 0 errors, 0 left on base; Pensacola 1 - Mississippi 1
BOTTOM OF THE 10TH
Mississippi Braves batting - Pitching for Pensacola Blue Wahoos : RHP Mike Parrish
Now at C: Sergio Garrica
Pinch Hitting: LHB Luis Ramírez 0-0: Ball
1-0: Foul Ball, location: 7LDF
1-1: Foul Ball, location: 23F
1-2: Foul Ball, location: 2F
1-2: Fly out, F9 (Flyball, 89S, EV 87.5 MPH)
Batting: RHB José Vargas 0-0: Called Strike
0-1: Ball
1-1: Ball
2-1: Ball
3-1: Called Strike
3-2: Foul Ball, location: 2F
3-2: Fly out, F6 (Flyball, 4MD, EV 89.4 MPH)
Pinch Hitting: LHB Jorge Guevara 0-0: Swinging Strike
0-1: Foul Ball, location: 23F
0-2: DOUBLE (Line Drive, 9LS, EV 100.0 MPH)
Batting: RHB Manny Arreola 0-0: Foul Ball, location: 9LDF
0-1: Ball
1-1: Fly out, F7 (Flyball, 78S, EV 88.8 MPH)
Bottom of the 10th over - 0 runs, 1 hit, 0 errors, 1 left on base; Pensacola 1 - Mississippi 1
TOP OF THE 11TH
Pensacola Blue Wahoos batting - Pitching for Mississippi Braves : RHP Oscar Baumgardener
Now at C: Jorge Guevara
Now in CF: Augusto Rivera
Batting: LHB José Guedán 0-0: Called Strike
0-1: Ball
1-1: Ball
2-1: Foul Ball, location: 7LSF
2-2: Ball
3-2: Foul Ball, location: 7LMF
3-2: Base on Balls
Batting: LHB Juan Lazu 0-0: Ball
José Guedán steals 2nd base
1-0: Bunted foul
1-1: Bunted foul
1-2: Ball
2-2: Ball
3-2: Base on Balls
Batting: RHB Sang-keun Park 0-0: Swinging Strike
0-1: SINGLE (Groundball, 56S, EV 67.5 MPH) (infield hit)
José Guedán to third
Juan Lazu to second
Batting: RHB António Sandoval 0-0: Ball
1-0: Foul Ball, location: 2F
1-1: Swinging Strike
1-2: Foul Ball, location: 9LSF
1-2: Strikes out swinging
Batting: LHB Jon Bullock 0-0: Ball
1-0: Swinging Strike
1-1: Swinging Strike
1-2: Ball
2-2: Ball
3-2: Strikes out swinging
Batting: RHB Barney Price 0-0: SINGLE (Groundball, 34D, EV 95.0 MPH)
José Guedán scores
Juan Lazu to third
Sang-keun Park to second
Runner from 3rd tries for Home, SAFE, throw by RF to trailing runner, SAFE at third!
Batting: LHB Jim Bailey 0-0: Ball
1-0: Fly out, F8 (Flyball, 8RM, EV 94.4 MPH)
Top of the 11th over - 2 runs, 2 hits, 0 errors, 2 left on base; Pensacola 3 - Mississippi 1
BOTTOM OF THE 11TH
Mississippi Braves batting - Pitching for Pensacola Blue Wahoos : RHP Mike Parrish
Batting: RHB Dane St. Ives 0-0: Called Strike
0-1: Foul Ball, location: 9LMF
0-2: Strikes out looking
Pinch Hitting: LHB David Guzmán 0-0: Ball
1-0: Ball
2-0: Ground out 4-3 (Groundball, 4D, EV 101.9 MPH)
Batting: RHB Wilbert McDonald 0-0: Ball
1-0: Ground out 4-3 (Groundball, 4, EV 96.9 MPH)
Bottom of the 11th over - 0 runs, 0 hits, 0 errors, 0 left on base; Pensacola 3 - Mississippi 1
Friday, May 17th , 2024 - OOTP Baseball 24.10 Build 82